 Dungeon Crawl Stone Soup version 0.22-a0-78-g0f8607c (webtiles) character file.

16 KristoblXynda the Sneak (level 2, -1/13 HPs)
             Began as a Spriggan Enchanter on Jan 15, 2018.
             Slain by a jackal (2 damage)
             ... on level 1 of the Dungeon.
             The game lasted 00:01:24 (393 turns).

KristoblXynda the Sneak (Spriggan Enchanter)         Turns: 393, Time: 00:01:25

Health: -1/13      AC:  2    Str:  4    XL:     2   Next: 41%
Magic:  2/7        EV: 18    Int: 16    God:
Gold:   15         SH:  0    Dex: 16    Spells: 4/7 levels left

rFire    . . .     SeeInvis +   a - +1 dagger
rCold    . . .     Gourm    .   (shield restricted)
rNeg     . . .     Faith    .   b - +0 robe
rPois    .         Spirit   .   (helmet restricted)
rElec    .         Reflect  .   (no cloak)
rCorr    .         Harm     .   (gloves unavailable)
MR       .....                  (boots unavailable)
Stlth    +++.......             (no amulet)
HPRegen  0.04/turn              (no ring)
MPRegen  0.10/turn              (no ring)

@: very quick
A: very small, unfitting armour, horns 2, see invisible, herbivore, speed 3,
screaming 1, slow metabolism 2
a: no special abilities


You were on level 1 of the Dungeon.
You were not hungry.

You visited 1 branch of the dungeon, and saw 1 of its levels.

You collected 15 gold pieces.

Inventory:

Hand Weapons
 a - a +1 dagger (weapon)
Armour
 b - a +0 robe (worn)
Scrolls
 f - a scroll of amnesia {unknown}
 g - a scroll of identify {unknown}
Books
 c - a book of Maledictions

   Spells                             Type                      Level
   a - Corona                         Hexes                        1
   b - Ensorcelled Hibernation        Hexes/Ice                    2
   c - Confuse                        Hexes                        3
   d - Tukima's Dance                 Hexes                        3
   e - Dazzling Spray                 Conjuration/Hexes            3
Comestibles
 d - 2 rations


   Skills:
 - Level 1.1 Short Blades
 - Level 3.0 Dodging
 + Level 4.9 Stealth
 + Level 3.2 Spellcasting
 + Level 4.0 Hexes


You had 4 spell levels left.
You knew the following spells:

 Your Spells              Type           Power        Failure   Level  Hunger
a - Corona                Hex            ###....      3%          1    None
b - Ensorcelled Hibernat  Hex/Ice        #.....       12%         2    ##.....


Dungeon Overview and Level Annotations

Branches:
Dungeon (1/15)

Altars:


Innate Abilities, Weirdness & Mutations

You are very small and have problems with some larger weapons.
You are too small for most types of armour.
You have supernaturally acute eyesight. (SInv)
You are a herbivore.
You cover ground extremely quickly.
You need consume almost no food.
You have a pair of horns on your head.
You occasionally shout uncontrollably at your foes.


Message History

Aim: a jackal (moderately wounded, chance to defeat MR: 57%)
The jackal looks drowsy...
The helpless jackal fails to defend itself.
You impale the jackal!!
You kill the jackal!
Found a scroll labeled ZEARYU CUCAT.
The jackal closely misses you. The jackal bites you.
* * * LOW HITPOINT WARNING * * *
A rat comes into view.
Found 11 gold pieces.
The jackal barely misses you.
You hit the rat but do no damage. The jackal bites you.
* * * LOW HITPOINT WARNING * * *
You closely miss the rat. The rat completely misses you.
The jackal bites you but does no damage.
You barely miss the rat.
You kill the rat!
The jackal bites you.
You die...

###########
..........#
..........#
..........#
..........#
..........#
...$...@..#
........h.##
...........#
##########.# ##
#l# #.?
#.#####.###
#.l..##...#####
####.l###.ls.S#
##..##.###s.


You could see a jackal and a frilled lizard.

Vanquished Creatures
  2 dart slugs (D:1)
  A leopard gecko (D:1)
  2 bats (D:1)
  A giant cockroach (D:1)
  A goblin (D:1)
  A jackal (D:1)
  A kobold (D:1)
  A rat (D:1)
10 creatures vanquished.

Notes
Turn   | Place    | Note
-------+----------+-------------------------------------------
     0 | D:1      | KristoblXynda the Spriggan Enchanter began the quest for the Orb.
     0 | D:1      | Reached XP level 1. HP: 9/9 MP: 5/5
    94 | D:1      | Reached XP level 2. HP: 6/13 MP: 7/7
   258 | D:1      | Learned a level 2 spell: Ensorcelled Hibernation
   343 | D:1      | Gained mutation: You have a pair of small horns on your head. [potion of mutation]
   343 | D:1      | Gained mutation: You occasionally shout uncontrollably at your foes. [potion of mutation]
   343 | D:1      | Gained mutation: You have a pair of horns on your head. [potion of mutation]
   393 | D:1      | Slain by a jackal

Vault maps used:
D:1:      dpeg_arrival_lava_altar

Skill      XL: |  1  2 |
---------------+-------+-----
Spellcasting   | 3 |  3.2
Hexes          | 4 |  4.0
Short Blades   | |  1.1
Dodging        | |  3.0
Stealth        | |  4.9

Action                   || total
-------------------------++-------
Melee: Dagger            ||    37
       Headbutt          ||     2
 Cast: Ensorcelled Hiber ||     5
  Use: Potion            ||     1
 Stab: Sleeping          ||     5
Armor: Robe              ||     8
Dodge: Dodged            ||    58

Table legend:
 A = Spawn XP
 B = Non-spawn XP
 C = Spawn XP percentage of total XP
 D = Spawn monster count
 E = Non-spawn monster count
 F = Spawn count percentage of total count
 G = Total turns spent on level
                    A         B        C        D         E        F      G
               +---------+---------+-------+---------+---------+-------+---------
         Total |       0 |      24 |   0.0 |       0 |      10 |   0.0 |   393
               +---------+---------+-------+---------+---------+-------+---------
           D:1 |       0 |      24 |   0.0 |       0 |      10 |   0.0 |   393
               +---------+---------+-------+---------+---------+-------+---------
